 Dungeon Crawl Stone Soup version 0.28-a0-1190-g77e1c55843 (webtiles) character file.

Game seed: 15985868351505447648

2604 wakim the Grappler (level 9, 0/81 HPs)
             Began as a Ghoul Fighter on Dec 18, 2021.
             Was a Follower of Makhleb.
             Shot with a sling bullet by something (2 damage)
             ... on level 7 of the Dungeon.
             The game lasted 00:48:52 (7639 turns).

wakim the Grappler (Ghoul Fighter)                  Turns: 7639, Time: 00:48:52

Health: 0/81       AC: 13    Str: 20    XL:     9   Next: 59%
Magic:  10/10      EV:  6    Int:  5    God:    Makhleb [*.....]
Gold:   0          SH:  9    Dex: 10    Spells: 8/8 levels left

rFire   . . .      SeeInvis .     - Unarmed
rCold   + . .      Faith    .   a - +0 buckler
rNeg    + + +      Spirit   .   E - +0 plate armour
rPois   ∞          Reflect  +   U - +0 helmet
rElec   .          Harm     .   (no cloak)
rCorr   .          Rampage  .   (no gloves)
Will    +....                   (no boots)
Stlth   ..........              Z - amulet of reflection
HPRegen 0.00/turn               C - ring of willpower
MPRegen 0.12/turn               (no ring)

@: inhibited regen, hasted, very quick
A: claws 1, cold resistance 1, negative energy resistance 3, inhibited
regeneration, torment resistance 2
a: Renounce Religion


You were on level 7 of the Dungeon.
You worshipped Makhleb.
Makhleb was aware of your devotion.
You visited 2 branches of the dungeon, and saw 10 of its levels.

You collected 153 gold pieces.
You spent 153 gold pieces at shops.

Inventory:

Missiles
 I - 8 sling bullets
Armour
 a - a +0 buckler (worn)
 E - a +0 plate armour (worn)
 S - the +1 robe of Youthful Indiscretion {rElec rF+ rN+ Will-}
   (You found it on level 4 of the Dungeon)

   rF:        It protects you from fire.
   rElec:     It insulates you from electricity.
   rN:        It protects you from negative energy.
   Will:      It decreases your willpower.
 U - a +0 helmet (worn)
Jewellery
 C - a ring of willpower (left claw)
 Z - an amulet of reflection (around neck)
Wands
 v - a wand of flame (14)
 z - a wand of polymorph (1) (quivered)
Scrolls
 R - a scroll of magic mapping {!r}
 T - 3 scrolls of teleportation
 X - 2 scrolls of fog
Potions
 A - a potion of brilliance {unknown}
 B - 2 potions of attraction {!q}
 F - 5 potions of curing
 G - a potion of flight
 J - 3 potions of heal wounds
 K - a potion of magic
 O - 3 potions of resistance
 P - a potion of mutation {unknown}
 Y - 3 potions of lignification {unknown}


   Skills:
 + Level 7.8 Fighting
 - Level 4.0 Slings
 * Level 5.4 Armour
 - Level 4.0 Shields
 + Level 8.3 Unarmed Combat
 + Level 3.1 Invocations


You had 8 spell levels left.
You didn't know any spells.
Your spell library contained the following spells:

 Spells                   Type           Power      Damage    Failure   Level
 Apportation              Tloc           0%         N/A       100%        1
 Magic Dart               Conj           0%         1d3       100%        1
 Sting                    Tmut/Pois      0%         1d3       100%        1
 Call Imp                 Summ           0%         N/A       100%        2
 Poisonous Vapours        Pois/Air       0%         N/A       100%        2
 Mephitic Cloud           Conj/Pois/Air  0%         N/A       100%        3
 Olgreb's Toxic Radiance  Pois           0%         N/A       100%        4
 Alistair's Intoxication  Tmut/Pois      0%         N/A       100%        5


Dungeon Overview and Level Annotations

Branches:
Dungeon (9/15)             Temple (1/1) D:6
   Lair: D:8-11         Orc: D:9-12

Altars:
Ashenzari
Dithmenos
Fedhas
Makhleb
Okawaru
Ru
Sif Muna
Uskayaw
Xom

Shops:
D:6 *

Annotations:
D:2 1 exclusion
D:8 Maggie, Maurice


Innate Abilities, Weirdness & Mutations

You thrive by killing the living.
You are immune to poison.
You have sharp fingernails.
Your flesh is cold resistant. (rC+)
You are immune to negative energy. (rN+++)
You do not regenerate when monsters are visible.
You are immune to unholy pain and torment.


Message History

You block something's attack. Something hits you.
* * * LOW HITPOINT WARNING * * *
Something steals your +1 hunting sling of chaos!
Something hits you but does no damage.
You hear some strange, mumbled words.
You see here a +0 club.
You block something's attack.
There is a stone staircase leading up here.
You block something's attack.
You climb upwards.
Reactivating autopickup.
There is a stone staircase leading down, spattered with blood here.
Things that are here:
a +0 robe; a +0 dagger; an orc skeleton
Things that are here:
a +0 robe; a +0 dagger; an orc skeleton Something hits you but does no damage.
Deactivating autopickup; reactivate with Ctrl-A.
There is a stone staircase leading down, spattered with blood here.
Things that are here:
a +0 robe; a +0 dagger; an orc skeleton Something hits you but does no damage.
Something hits you.
* * * LOW HITPOINT WARNING * * *
Something steals 12 of your 20 sling bullets!
A sling bullet appears from out of thin air!
The sling bullet hits you.
* * * LOW HITPOINT WARNING * * *
The sling bullet burns you.
* * * LOW HITPOINT WARNING * * *
A sling bullet appears from out of thin air!
The sling bullet hits you!
* * * LOW HITPOINT WARNING * * *
You feel yourself speed up.
A sling bullet appears from out of thin air!
The sling bullet hits you!
* * * LOW HITPOINT WARNING * * *
The sling bullet burns you.
You die...

#...## ##...# ########
#.#.# #......# #...#
#####.####.# ##[.###
#.....# #.# #.>..#
#.##### #.# ####.# #.#
#.#########.#
#.########.....@.....#
#.........############
#####..............#
#.###.########.#
####.###..........#
#.............#####
###.#.........#.#
......#.#.....#.#
.##.###.##.####.#


There were no monsters in sight!

Vanquished Creatures
  A yak (D:8)
  A steam dragon (D:8)
  Menkaure (D:4)
  A water moccasin (D:7)
  2 black bears
  2 ogres
  2 necrophages (D:5)
  A centaur (D:7)
  2 phantoms
  A bullfrog (D:8)
  2 scorpions
  A water moccasin skeleton (D:2)
  A killer bee (D:8)
  A howler monkey (D:5)
  A bullfrog zombie (D:3)
  3 centaur zombies
  A centaur skeleton (D:5)
  A jelly (D:4)
  A bullfrog skeleton (D:5)
  An orc priest (D:8)
  12 iguanas
  7 orc wizards
  Robin (D:2)
  A howler monkey zombie (D:8)
  8 gnolls
  6 adders
  A howler monkey skeleton (D:7)
  2 shadow imps
  2 white imps
  2 adder skeletons (D:4)
  3 worms
  2 dart slugs
  20 orcs
  8 ball pythons
  3 bats
  7 endoplasms
  2 giant cockroaches
  10 goblins
  7 hobgoblins
  7 jackals
  3 kobolds
  4 quokkas
  A frilled lizard (D:1)
  5 rats
151 creatures vanquished.

Vanquished Creatures (others)
  6 plants (D:6)
6 creatures vanquished.

Grand Total: 157 creatures vanquished

Notes
Turn   | Place    | Note
-------+----------+-------------------------------------------
     0 | D:1      | wakim the Ghoul Fighter began the quest for the Orb.
     0 | D:1      | Reached XP level 1. HP: 19/19 MP: 0/0
   248 | D:1      | Reached XP level 2. HP: 26/26 MP: 1/1
   766 | D:1      | Found a faded altar of an unknown god.
  1119 | D:2      | Reached skill level 3 in Unarmed Combat
  1119 | D:2      | Reached XP level 3. HP: 29/31 MP: 2/2
  1260 | D:2      | Noticed Robin
  1278 | D:2      | Killed Robin
  1288 | D:2      | Reached XP level 4. HP: 40/40 MP: 3/3
  1837 | D:2      | Reached XP level 5. HP: 46/46 MP: 4/4
  1909 | D:2      | Reached skill level 4 in Unarmed Combat
  2685 | D:3      | Reached XP level 6. HP: 52/53 MP: 5/5
  2824 | D:3      | Reached skill level 5 in Unarmed Combat
  3169 | D:4      | Reached skill level 1 in Slings
  3181 | D:4      | Identified the +1 robe of Youthful Indiscretion {rElec rF+
                  | rN+ Will-}
  3241 | D:4      | Noticed Menkaure
  3251 | D:4      | Killed Menkaure
  3252 | D:4      | Reached skill level 5 in Fighting
  3252 | D:4      | Reached XP level 7. HP: 61/61 MP: 6/6
  3261 | D:4      | Reached skill level 6 in Unarmed Combat
  3841 | D:5      | Entered Level 5 of the Dungeon
  4126 | D:5      | Reached XP level 8. HP: 65/70 MP: 7/7
  4465 | D:5      | Reached skill level 7 in Unarmed Combat
  5538 | D:6      | Found a staircase to the Ecumenical Temple.
  5541 | D:6      | You fall into a shaft and drop 1 floor!
  5655 | Temple   | Entered the Ecumenical Temple
  5671 | Temple   | Became a worshipper of Makhleb the Destroyer
  5830 | D:6      | Found Pynoup's Assorted Antiques.
  5875 | D:6      | Bought a gold wand for 104 gold pieces
  5875 | D:6      | Bought a puce potion for 23 gold pieces
  5875 | D:6      | Bought a scroll labelled FEIMPE LAISH for 26 gold pieces
  5952 | D:6      | Reached XP level 9. HP: 79/79 MP: 8/8
  5956 | D:6      | Reached skill level 1 in Invocations
  6745 | D:8      | Noticed Maggie
  6788 | D:8      | Noticed Maurice
  6967 | D:8      | Reached skill level 8 in Unarmed Combat
  7259 | D:8      | Reached * piety under Makhleb
  7260 | D:8      | Reached skill level 5 in Armour
  7639 | D:7      | HP: 2/81 [something (13)]
  7639 | D:7      | Shot with a sling bullet by something

Illustrated notes

Levels and vault maps discovered:
D:1:      minmay_arrival_radiant_lines, layout_basic,
          hellmonk_ecumenical_altar_inner_sanctum, st_stairs_2,
          chequers_big_river
D:2:      layout_basic, patterned_corridor, uniq_crazy_yiuf_cottage, uniq_robin
D:3:      layout_basic, minmay_quadrilaterals
D:4:      layout_cave_pods, kennysheep_generic_room_8, uniq_menkaure
D:5:      layout_gridville, chequers_mini_garden, minmay_misc_feat_alley
D:6:      layout_cave_pools, minmay_temple_entry_offerings, serial_shops,
          nicolae_shop_overgrown_old_shop, chequers_serial_rivers_micro_c,
          chequers_decorated_corner
D:7:      layout_basic
D:8:      layout_rooms, nicolae_gozag_cash_rules_everything_around_me,
          uniq_maurice, uniq_maggie
D:9:      layout_cave_pools, erik_orc_1, supply_closet_lemuel
Temple:   compressed_dpeg_circular_temple

Skill      XL: |  1  2  3  4  5  6  7  8  9 |
---------------+----------------------------+-----
Shields        | 3 4 |  4.0
Unarmed Combat | 3 4 5 6 7 8 |  8.3
Fighting       | 4 5 7 |  7.8
Slings         | 1 3 4 |  4.0
Armour         | 3 5 |  5.4
Invocations    | 3 |  3.1

Action                   |  1- 3 |  4- 6 |  7- 9 || total
-------------------------+-------+-------+-------++-------
Melee: Unarmed           |   120 |   159 |   313 ||   592
 Fire: Hunting sling     |       |     9 |    38 ||    47
Throw: Dart              |       |     4 |    11 ||    15
Evoke: Wand              |       |       |     2 ||     2
  Use: Scroll            |     2 |     2 |    15 ||    19
       Potion            |       |       |     1 ||     1
Armor: Scale mail        |    36 |    56 |       ||    92
       Chain mail        |       |       |    23 ||    23
       Plate armour      |       |       |   114 ||   114
Dodge: Dodged            |    43 |    43 |    60 ||   146
Block: Buckler           |    16 |    42 |   128 ||   186
       Reflection        |       |       |     4 ||     4

Table legend: (Time is in decaauts)
 A = Elapsed time spent in this place.
 B = Non-inter-level travel time spent in this place.
 C = Inter-level travel time spent in this place.
 D = Time resting spent in this place.
 E = Time spent auto-exploring this place.
 F = Levels seen in this place.
 G = Mean time per level.
                   A        B        C        D        E       F      G
               +--------+--------+--------+--------+--------+-----+--------+
         Total |   7593 |   5981 |   1612 |    702 |   1297 |  10 |  759.3 |
       Dungeon |   7560 |   5963 |   1597 |    702 |   1295 |   9 |  840.0 |
        Temple |     32 |     17 |     15 |      0 |      2 |   1 |   32.0 |
               +--------+--------+--------+--------+--------+-----+--------+

Top non-repeatable levels by time:
     D:5: 1331 daAuts
     D:4: 1303 daAuts
     D:1: 1132 daAuts
     D:7: 995 daAuts
     D:2: 985 daAuts
     D:3: 744 daAuts
     D:8: 562 daAuts
     D:6: 498 daAuts
  Temple: 32 daAuts
     D:9: 7 daAuts
